 Dungeon Crawl Stone Soup version 0.20.0-8-g6b59dc7 (webtiles) character file.

108 CosmicAfro the Cudgeler (level 4, -2/28 HPs)
             Began as a Gargoyle Fighter on June 2, 2017.
             Slain by an orc
             ... wielding a +0 flail
              (6 damage)
             ... on level 3 of the Dungeon.
             The game lasted 00:03:28 (1570 turns).

CosmicAfro the Cudgeler (Gargoyle Fighter)          Turns: 1570, Time: 00:03:29

Health: -2/28      AC: 10    Str: 20    XL:     4   Next: 87%
Magic:  4/4        EV:  7    Int:  8    God:
Gold:   81         SH:  9    Dex: 10    Spells: 3/3 levels left

rFire    . . .     SeeInvis .   a - +0 flail
rCold    . . .     Gourm    .   c - +0 shield
rNeg     + . .     Faith    .   b - +0 scale mail
rPois    ∞         Spirit   .   (no helmet)
rElec    +         Reflect  .   (no cloak)
rCorr    .         Harm     .   (no gloves)
MR       .....                  (no boots)
Stlth    +.........             (no amulet)
Regen    0.1/turn               p - ring of poison resistance
MPRegen  0.1/turn               u - ring of stealth

@: no status effects
A: negative energy resistance 1, electricity resistance, unbreathing,
petrification resistance, rot immunity, AC +3
a: no special abilities


You were on level 3 of the Dungeon.
You were hungry.

You visited 1 branch of the dungeon, and saw 3 of its levels.

You collected 81 gold pieces.

Inventory:

Hand Weapons
 a - a +0 flail (weapon)
Armour
 b - a +0 scale mail (worn)
 c - a +0 shield (worn)
Jewellery
 p - a ring of poison resistance (left hand)
 u - a ring of stealth (right hand)
Scrolls
 e - 3 scrolls of fog {unknown}
 j - a scroll of amnesia {unknown}
 n - 2 scrolls of remove curse {unknown}
 q - a scroll of blinking {unknown}
 r - a scroll of identify {unknown}
 s - a scroll of recharging {unknown}
 w - a scroll of enchant armour {unknown}
Potions
 d - 2 potions of might
 i - a potion of lignification {unknown}
 k - 3 potions of resistance {unknown}
 l - a potion of curing {unknown}
 m - a potion of heal wounds {unknown}
 o - a potion of berserk rage {unknown}
 t - 2 potions of mutation {unknown}
 v - 2 potions of brilliance {unknown}
Comestibles
 f - a bread ration
 g - 2 royal jellies
 h - 2 meat rations


   Skills:
 - Level 3.2 Fighting
 + Level 4.9 Maces & Flails
 - Level 3.2 Armour
 - Level 3.2 Shields


You had 3 spell levels left.
You didn't know any spells.

Dungeon Overview and Level Annotations

Branches:
Dungeon (3/15)

Altars:
Okawaru
Zin


Innate Abilities, Weirdness & Mutations

You are resistant to torment.
Your stone body is resilient. (AC +3)
You are immune to poison.
You resist negative energy. (rN+)
You are resistant to electric shocks. (rElec)
You can survive without breathing.
You are immune to petrification.
You are immune to rotting.


Message History

You are feeling hungry.
The kobold hits you but does no damage.
You thump the orc wizard!
You kill the orc wizard!
You block the kobold's attack. You block the orc's attack.
The kobold hits you but does no damage.
You hit the orc.
The orc is moderately wounded.
The orc hits you with a flail.
* * * LOW HITPOINT WARNING * * *
You block the kobold's attack. The orc barely misses you.
You closely miss the orc.
The orc is lightly wounded.
The orc barely misses you. The orc hits you but does no damage.
Found 12 arrows.
There is an escape hatch in the ceiling here.
The kobold hits you but does no damage. The orc hits you with a flail.
You die...

..............#.).).#.....
........(....##.)_..##....
...#.#...(....#.).).#.....
...._.....................
...#.#....[.....###.......
.......o...†.....#........
..........................
........oK................
.........@..........###...
...........%........###...
..........................
................#.###.#...
.................. ##.#..#
................. .. #...
...............( ...#...
............... .#...#.
.......


You could see 2 orcs and a kobold.

Vanquished Creatures
  An orc wizard (D:3)
  2 adders
  A worm (D:2)
  2 dart slugs
  4 leopard geckos
  2 orcs (D:3)
  5 bats
  3 giant cockroaches
  2 goblins
  6 hobgoblins
  8 jackals (D:2)
  A ball python (D:2)
  3 frilled lizards
  6 kobolds
  6 rats
52 creatures vanquished.

Notes
Turn   | Place    | Note
-------+----------+-------------------------------------------
     0 | D:1      | CosmicAfro the Gargoyle Fighter began the quest for the Orb.
     0 | D:1      | Reached XP level 1. HP: 14/14 MP: 1/1
    81 | D:1      | Reached XP level 2. HP: 18/19 MP: 2/2
   272 | D:1      | Reached skill level 3 in Maces & Flails
   598 | D:2      | Reached XP level 3. HP: 8/23 MP: 3/3
   868 | D:2      | Found a faded altar of an unknown god.
  1036 | D:2      | Reached skill level 4 in Maces & Flails
  1137 | D:2      | Reached XP level 4. HP: 26/28 MP: 4/4
  1420 | D:3      | Found an iron altar of Okawaru.
  1510 | D:3      | Found a glowing silver altar of Zin.
  1546 | D:3      | HP: 1/28 [orc/flail (1)]
  1570 | D:3      | Slain by an orc

Skill      XL: |  1  2  3 |
---------------+----------+-----
Maces & Flails | 3 4 |  4.9
Fighting       | |  3.2
Armour         | |  3.2
Shields        | |  3.2

Action                   |  1- 3 |  4- 6 || total
-------------------------+-------+-------++-------
Melee: Flail             |   148 |    56 ||   204
  Eat: Chunk             |     1 |     1 ||     2
Armor: Scale mail        |    81 |    49 ||   130
Dodge: Dodged            |    51 |    36 ||    87
Block: Shield            |    92 |    42 ||   134
